 Dungeon Sprint DCSS version 0.23-a0-143-g1adec7b (webtiles) character file.

2272 Faca the Sharpshooter (level 9, -1/85 HPs)
             Began as a Formicid Hunter on Aug 31, 2018.
             Was a Priest of Okawaru.
             Slain by a merfolk
             ... wielding a +0 trident
              (7 damage)
             ... in the Dungeon (Sprint V: "Ziggurat Sprint").
             The game lasted 00:06:28 (859 turns).

Faca the Sharpshooter (Formicid Hunter)              Turns: 859, Time: 00:06:29

Health: -1/85      AC: 16    Str: 25    XL:     9   Next: 65%
Magic:  14/15      EV:  6    Int: 14    God:    Okawaru [***...]
Gold:   0          SH: 11    Dex: 17    Spells: 8/8 levels left

rFire    . . .     SeeInvis +   J - +9 heavy crossbow "Sniper" {velocity, Acc+∞ SInv}
rCold    x . .     Gourm    .   b - +3 shield
rNeg     . . .     Faith    .   m - +6 shadow dragon scales
rPois    .         Spirit   .   (helmet unavailable)
rElec    .         Reflect  .   (no cloak)
rCorr    .         Harm     .   (no gloves)
MR       .....                  (no boots)
Stlth    +++.......             (no amulet)
HPRegen  0.24/turn              H - +6 ring of strength
MPRegen  0.14/turn              c - ring "Veupo" {+Blink rC- Int+2 Dex+6 Slay+3}

@: no status effects
A: permanent stasis, dig shafts and tunnels, four strong arms, antennae 3
a: Dig, Heroism, Renounce Religion


You were in the Dungeon.
You worshipped Okawaru.
Okawaru was most pleased with you.
You were not hungry.

You visited 1 branch

Inventory:

Hand Weapons
 I - the +7 great mace "Firestarter" {inner flame, rF++}
   (You found it in the Dungeon)

   It has been specially enchanted to burn those struck by it, causing extra
   injury to most foes and up to half again as much damage against particularly
   susceptible opponents.
   It greatly protects you from fire.
 J - the +9 heavy crossbow "Sniper" (weapon) {velocity, Acc+∞ SInv}
   (You found it in the Dungeon)

   Any bolt fired from it inflicts extra damage.
   It lets you see invisible.
Missiles
 d - 1008 bolts (quivered)
Armour
 b - a +3 shield (worn)
 l - +8 gold dragon scales
 m - +6 shadow dragon scales (worn)
 K - the +15 Maxwell's patent armour {-Cast -Tele rElec MR+ rCorr}
   (You found it in the Dungeon)

   It insulates you from electricity.
   It affects your resistance to hostile enchantments.
   It prevents spellcasting.
   It prevents most forms of teleportation.
   It provides partial protection from all sources of acid and corrosion.
 L - the +18 shield of the Gong {rElec rN+ MR+ EV-5}
   (You found it in the Dungeon)

   It affects your evasion (-5).
   It insulates you from electricity.
   It protects you from negative energy.
   It affects your resistance to hostile enchantments.
Jewellery
 c - the ring "Veupo" (right hand) {+Blink rC- Int+2 Dex+6 Slay+3}
   (You found it in the Dungeon)

   [ring of intelligence]

   It affects your intelligence (+2).
   It affects your dexterity (+6).
   It affects your accuracy and damage with ranged weapons and melee attacks
   (+3).
   It makes you vulnerable to cold.
   It lets you blink.
 H - a +6 ring of strength (left hand)
Wands
 z - a wand of disintegration (7)
 A - a wand of iceblast (7)
 B - a wand of acid (7)
Scrolls
 u - 7 scrolls of fog
 v - a scroll of holy word
 w - 5 scrolls of identify
 x - 5 scrolls of remove curse
 y - 2 scrolls of fear
Potions
 e - 10 potions of curing
 g - 10 potions of heal wounds
 i - 7 potions of magic
 n - 2 potions of brilliance
 o - 2 potions of invisibility
 p - 4 potions of resistance
 r - 5 potions of agility
 s - 5 potions of might
Comestibles
 f - 7 rations


   Skills:
 + Level 13.2 Fighting
 + Level 15.2 Crossbows
 - Level 1.7 Dodging
 - Level 1.2 Stealth
 + Level 8.9 Invocations


You had 8 spell levels left.
You didn't know any spells.
Your spell library was empty.

Dungeon Overview and Level Annotations

Branches:
Dungeon (1/1)

Altars:
Ashenzari
Cheibriados
Dithmenos
Elyvilon
Fedhas
Gozag
Hepliaklqana
Kikubaaqudgha
Makhleb
Nemelex Xobeh
Okawaru
Qazlal
Ru
Sif Muna
Trog
Uskayaw
Vehumet
Wu Jian
Xom
Yredelemnul
Zin
The Shining One
Beogh
Jiyva
Lugonu


Innate Abilities, Weirdness & Mutations

You cannot be hasted, slowed, berserked, paralysed or teleported.
You can dig through walls and to a lower floor.
Your four strong arms can wield two-handed weapons with a shield.
You have a pair of large antennae on your head. (SInv)


Message History

* * * LOW HITPOINT WARNING * * *
The hippogriff claws you but does no damage.
The centaur shoots an arrow.
The arrow closely misses you.
The merfolk hits you from afar with a trident!
* * * LOW HITPOINT WARNING * * *
The merfolk hits you from afar with a trident.
* * * LOW HITPOINT WARNING * * *
Unknown command.
Firing (i - inventory)
d - 1009 bolts (quivered)
Press: ? - help, Shift-Dir - straight line, f/p - hippogriff
Aim: a hippogriff (severely wounded)
You shoot a bolt. The bolt hits the hippogriff!!
You kill the hippogriff!
Okawaru is honoured by your kill.
The centaur shoots an arrow.
The arrow hits you but does no damage. You block the merfolk's attack.
The centaur shoots an arrow.
The arrow hits you.
* * * LOW HITPOINT WARNING * * *
The merfolk hits you from afar with a trident!
You die...

▓..8©8..▓
▓..[}=:...▓..}|)..▓
▓...())...▓..[=}..▓
▓.........▓.......▓
▓..(......▓.......▓
▓....C....▓.......▓
▓...mmm...▓.......▓
▓..c((....▓.▓.)÷▓.▓
{▓....@....▓...©†..▓
{▓▓▓▓▓▓▓▓▓▓▓▓▓▓▓▓▓▓▓
▓..8©8..▓


{{{{{ ▓..)}[..▓ {{{ ▓..=))..▓ ▓.......▓ ▓.......▓ ▓.......▓ ▓.......▓ You could
see 3 merfolk, a cyclops and a centaur.

Vanquished Creatures
  A cyclops (D)
  A naga mage (D)
  A spiny frog (D)
  A hippogriff (D)
  3 water moccasins (D)
  2 wolves (D)
  A crimson imp (D)
  A quasit (D)
  7 orc priests (D)
  2 iguanas (D)
  3 orc wizards (D)
  A river rat (D)
  2 adders (D)
  A white imp (D)
  3 orcs (D)
  2 ball pythons (D)
32 creatures vanquished.

Notes
Turn   | Place    | Note
-------+----------+-------------------------------------------
     0 | D        | Found the +6 Majin-Bo {vamp, Archmagi MP+6 Int+6}
     0 | D        | Found the +7 great mace "Firestarter" {inner flame, rF++}
     0 | D        | Faca the Formicid Hunter began the quest for the Orb.
     0 | D        | Reached XP level 1. HP: 16/16 MP: 1/1
     3 | D        | Found a blossoming altar of Fedhas.
     7 | D        | Found a deep blue altar of Sif Muna.
     7 | D        | Found a sacrificial altar of Ru.
     7 | D        | Found a bloodstained altar of Trog.
     7 | D        | Found a stormy altar of Qazlal.
     7 | D        | Found an iron altar of Okawaru.
     7 | D        | Found a sparkling altar of Nemelex Xobeh.
     9 | D        | Found a transporter.
     9 | D        | Found an ancient bone altar of Kikubaaqudgha.
     9 | D        | Found a viscous altar of Jiyva.
     9 | D        | Found a corrupted altar of Lugonu.
     9 | D        | Found a hazy altar of Hepliaklqana.
     9 | D        | Found a burning altar of Makhleb.
     9 | D        | Found an opulent altar of Gozag.
    42 | D        | Found the +6 shillelagh "Devastator" {shatter}
    42 | D        | Found the +11 plutonium sword {*Contam Stlth-}
    42 | D        | Found the +8 lance "Wyrmbane" {slay drac, rPois rF+ rC+
                  | AC+3}
    42 | D        | Found the +9 sword of Zonguldrok {reap}
    42 | D        | Found the cursed +13 scythe of Curses {drain, *Curse}
    42 | D        | Found the +0 sword of Power
    42 | D        | Found the +7 mace of Variability {chain chaos}
    42 | D        | Found the +7 Singing Sword
    42 | D        | Found the +7 longbow "Piercer" {penet, EV-2}
    44 | D        | Found the +9 heavy crossbow "Sniper" {velocity, Acc+∞ SInv}
    44 | D        | Found the +10 dark maul {crush}
    44 | D        | Found the +15 Maxwell's patent armour {-Cast -Tele rElec
                  | MR+ rCorr}
    44 | D        | Found the +18 shield of the Gong {rElec rN+ MR+ EV-5}
    44 | D        | Found the cursed +14 obsidian axe {chop, +Fly SInv *Curse}
    66 | D        | Became a worshipper of Warmaster Okawaru
   132 | D        | Entered arena 2.
   132 | D        | Noticed a water moccasin
   132 | D        | Found a transporter.
   133 | D        | Killed a water moccasin
   133 | D        | Reached * piety under Okawaru
   133 | D        | Reached skill level 7 in Crossbows
   133 | D        | Reached XP level 2. HP: 31/31 MP: 2/2
   133 | D        | Reached XP level 3. HP: 36/36 MP: 3/3
   133 | D        | Reached XP level 4. HP: 43/43 MP: 4/4
   133 | D        | Reached XP level 5. HP: 48/48 MP: 5/5
   146 | D        | Entered arena 3.
   146 | D        | Found a transporter.
   147 | D        | Reached skill level 8 in Crossbows
   233 | D        | Entered arena 4.
   233 | D        | Found a transporter.
   234 | D        | Reached skill level 9 in Crossbows
   234 | D        | Reached XP level 6. HP: 58/58 MP: 6/6
   386 | D        | Reached skill level 13 in Crossbows
   386 | D        | Reached XP level 7. HP: 65/65 MP: 7/7
   392 | D        | Entered arena 5.
   392 | D        | Found a transporter.
   393 | D        | Reached skill level 10 in Fighting
   408 | D        | Got the ring of Cheibriados's Hope {Wiz *Corrode Str-2
                  | Int+8}
   444 | D        | Entered arena 6.
   444 | D        | Found a transporter.
   445 | D        | Reached ** piety under Okawaru
   449 | D        | Reached XP level 8. HP: 47/74 MP: 8/8
   606 | D        | Entered arena 7.
   606 | D        | Noticed a naga mage
   610 | D        | Reached skill level 1 in Invocations
   612 | D        | Killed a naga mage
   612 | D        | Reached skill level 14 in Crossbows
   613 | D        | Reached skill level 5 in Invocations
   619 | D        | Found a transporter.
   709 | D        | Entered arena 8.
   709 | D        | Noticed a spiny frog
   711 | D        | Reached XP level 9. HP: 82/82 MP: 13/13
   714 | D        | Killed a spiny frog
   714 | D        | Reached *** piety under Okawaru
   719 | D        | Found a transporter.
   845 | D        | Got the ring "Veupo" {+Blink rC- Int+2 Dex+6 Slay+3}
   852 | D        | Entered arena 9.
   852 | D        | Noticed a cyclops
   852 | D        | Noticed a hippogriff
   852 | D        | Noticed a merfolk
   852 | D        | Noticed a merfolk
   852 | D        | Noticed a cyclops
   852 | D        | Noticed a merfolk
   853 | D        | Found the +4 arc blade {discharge, rElec}
   853 | D        | Found the +6 lightning scales {run, rElec}
   857 | D        | Killed a cyclops
   857 | D        | Reached skill level 15 in Crossbows
   859 | D        | Killed a hippogriff
   859 | D        | Slain by a merfolk

Vault maps used:
D:        sprint_v

Skill      XL: |  1  2  3  4  5  6  7  8  9 |
---------------+----------------------------+-----
Fighting       | 7 9 10 12 13 | 13.2
Crossbows      | 7 9 13 14 15 | 15.2
Invocations    | 6 8 |  8.9
Dodging        | |  1.7
Stealth        | |  1.2

Action                   |  1- 3 |  4- 6 |  7- 9 || total
-------------------------+-------+-------+-------++-------
 Fire: Heavy crossbow    |     1 |     8 |    36 ||    45
  Use: Scroll            |       |     4 |       ||     4
       Potion            |       |     1 |       ||     1
Armor: Shadow dragon sca |       |       |    48 ||    48
Dodge: Dodged            |       |     2 |    17 ||    19
Block: Shield            |       |       |    36 ||    36

Table legend:
 A = Non-vault XP
 B = Vault XP
 C = Vault XP percentage of total XP
 D = Non-vault monster count
 E = Vault monster count
 F = Vault count percentage of total count
                 A         B        C        D         E       F
            +---------+---------+-------+---------+---------+-------
      Total |       0 |    2890 | 100.0 |       0 |      32 | 100.0
            +---------+---------+-------+---------+---------+-------
          D |       0 |    2890 | 100.0 |       0 |      32 | 100.0
            +---------+---------+-------+---------+---------+-------
